Map: Base du roi Sejong EC

Players

SixPooL

  • Race: Zerg Zerg
  • League: Silver

seaLiFe - Winner!

  • Race: Terran Terran
  • League: Gold

VOD

Have the link to the VOD?

Description

Time

  • Played on: Oct. 4, 2016, 6:19 p.m.
  • Length: 9:52
Show
View Real Time Build Order
Export as new Build Order

SixPooL Zerg 

Build Orders: Hatch First 

Get SALT Encoding   

  12  0:11  Drone x2  
  14  0:30  Extractor  
  14  0:31  Drone  
  15  0:37  Overlord  
  15  1:00  Extractor  
  14  1:10  Drone x3  
  17  1:13  Hatchery  
  16  1:21  Drone  
  17  1:31  Drone  
  18  1:42  Spawning Pool  
  18  1:43  Extractor, Drone  
  17  2:13  Drone x2  
  19  2:19  Drone  
  20  2:27  Drone  
  21  2:31  Metabolic Boost  
  21  2:33  Queen  
  21  2:35  Queen  
  25  2:39  Drone x2  
  27  2:57  Overlord  
  27  3:07  Overlord  
  27  3:22  Overlord  
  27  3:24  Drone  
  29  3:34  Drone x2  
  29  3:35  Drone x2  
  29  3:38  Overlord  
  32  3:43  Zergling x8  
  32  3:45  Drone  
  32  3:46  Drone x2  
  39  3:55  Lair  
  39  3:56  Baneling Nest  
  38  4:11  Drone x3  
  38  4:12  Drone x2  
  43  4:25  Extractor, Spore Crawler  
  43  4:26  Spore Crawler  
  43  4:28  Drone x4  
  43  4:29  Overlord  
  45  4:31  Drone x2  
  45  4:55  Roach Warren  
  45  4:59  Evolution Chamber  
  43  5:05  Spine Crawler  
  43  5:06  Spine Crawler  
  41  5:09  Drone x3, Overlord, Zergling x2  
  41  5:10  Zergling x2  
  41  5:11  Zergling x2  
  41  5:13  Zergling x2  
  48  5:15  Zergling x2  
  48  5:16  Spine Crawler  
  48  5:17  Zergling x2  
  49  5:22  Spine Crawler  
  49  5:28  Zerg Melee Weapons Level 1  
  48  5:35  Centrifical Hooks  
  48  5:38  Zergling x8  
  48  5:40  Overlord  
  52  5:43  Zergling x2  
  52  5:44  Zergling x2  
  52  5:46  Zergling x2  
  55  5:58  Drone x2  
  54  6:18  Hatchery  
  53  6:25  Queen  
  53  6:26  Queen  
  58  6:46  Zergling x6  
  60  6:47  Roach x3  
  60  6:48  Roach x4  
  73  7:02  Spore Crawler  
  72  7:11  Glial Reconstitution  
  72  7:16  Hatchery  
  71  7:27  Ravager x4  
  71  7:29  Overlord x4  
  75  7:39  Overlord  
  60  8:22  Drone x4  
  63  8:40  Hydralisk Den  
  60  9:04  Drone x4  
  60  9:05  Drone x2  
  64  9:16  Roach x6  
  64  9:17  Roach x4, Zergling x2  
  60  9:25  Drone  
  60  9:27  Roach  
  60  9:28  Zergling x2  
  64  9:31  Roach x3  
  64  9:42  Ravager x3  
Show
View Real Time Build Order
Export as new Build Order

seaLiFe Terran - Winner!

Build Orders:  

Get SALT Encoding   

  12  0:01  SCV  
  13  0:13  SCV  
  14  0:22  Supply Depot  
  14  0:25  SCV  
  15  0:36  Refinery  
  15  0:46  Barracks  
  15  0:52  SCV  
  15  1:10  Barracks  
  15  1:17  Supply Depot  
  15  1:18  SCV  
  16  1:30  SCV  
  17  1:36  Refinery  
  17  1:38  Barracks Reactor  
  17  1:45  SCV  
  18  1:57  SCV  
  19  2:01  Barracks Tech Lab  
  19  2:09  SCV  
  20  2:21  SCV  
  21  2:23  Stimpack  
  21  2:28  Factory, Marine  
  22  2:31  Marine  
  23  2:37  SCV  
  24  2:49  SCV  
  25  2:55  Marine x2  
  27  3:02  Engineering Bay  
  27  3:03  Marine  
  29  3:13  Marine x2  
  29  3:18  Starport  
  30  3:21  SCV  
  31  3:30  Supply Depot  
  31  3:36  Factory Reactor  
  31  3:45  Supply Depot  
  31  3:54  Orbital Command  
  31  3:58  Medivac  
  33  4:04  Marine x2  
  35  4:11  Marine  
  36  4:18  Terran Infantry Weapons Level 1  
  36  4:22  Marine  
  37  4:27  Marine  
  37  4:28  Medivac  
  40  4:31  Marine  
  41  4:40  Supply Depot  
  41  5:04  Command Center, Factory Tech Lab  
  41  5:17  Marine  
  41  5:18  Marine x2  
  44  5:22  SCV  
  45  5:28  Supply Depot  
  45  5:30  Liberator  
  45  5:32  Siege Tank  
  45  5:34  Liberator, SCV  
  49  5:35  Marine  
  49  5:36  Marine  
  49  5:41  Marine  
  55  5:53  Marine  
  56  6:19  Siege Tank  
  59  6:29  Marine x3  
  62  6:51  Siege Tank  
  60  7:13  Orbital Command  
  60  7:19  Command Center  
  60  7:20  Marine x3  
  63  7:23  Siege Tank  
  66  7:38  Marine x3  
  69  7:55  Siege Tank  
  69  7:56  Marine  
  73  8:05  Marine x2  
  75  8:13  Marine  
  73  8:22  Marine  
  73  8:23  Liberator, Marine  
  75  8:31  Marine  
  75  8:33  Orbital Command  
  76  8:37  Orbital Command  
  76  8:40  Marine x2  
  81  8:49  Marine  
  79  8:58  Marine x2  
  81  9:07  Marine  
  82  9:19  Marine x2  
  84  9:25  Marine  
Tags
 
Add a new tag
Caveats
  • Supply blocks, unpowered buildings, or Contaminate may cause inaccurate times.
  • Supply counts are checked every 10 seconds.